 Dungeon Crawl Stone Soup version 0.18-a0-1721-gc4d1f22 (webtiles) character file.

173 wvc the Cudgeler (level 5, -3/49 HPs)
             Began as a Naga Wizard on Apr 9, 2016.
             Killed by divine providence
             ... invoked by an orc priest
              (14 damage)
             ... on level 3 of the Dungeon.
             The game lasted 00:08:30 (3210 turns).

wvc the Cudgeler (Naga Wizard)                      Turns: 3210, Time: 00:08:30

Health: -3/49      AC:  3    Str:  7    XL:     5   Next: 53%
Magic:  0/9        EV:  9    Int: 19    God:
Gold:   141        SH:  0    Dex: 10    Spells: 3 memorised, 5 levels left

rFire  . . .     SeeInvis +     o - +1 whip
rCold  . . .     Gourm    .     a - +0 robe
rNeg   . . .     Faith    .     (no shield)
rPois  +         Spirit   +     b - +0 hat
rElec  .         Dismiss  .     s - +0 cloak
rCorr  .         Reflect  .     (no gloves)
SustAt .         Harm     .     (no barding)
MR     .....     Rnd*Tele +     e - amulet of guardian spirit
Stlth  ++........               i - ring of teleportation (curse)
                                h - -2 ring of strength (curse)

@: short of breath, very slow, not resistant to hostile enchantments, unstealthy
A: see invisible, deformed body, poison resistance, slowness 2, slow metabolism
1, spit poison 2, AC +1
a: Spit Poison


You were on level 3 of the Dungeon.
You were hungry.

You visited 1 branch of the dungeon, and saw 3 of its levels.

You collected 141 gold pieces.

Inventory:

Hand Weapons
 f - a +0 mace
 o - a +1 whip (weapon)
Armour
 a - a +0 robe (worn)
 b - a +0 hat (worn)
 r - a +0 ring mail
 s - a +0 cloak (worn)
Jewellery
 e - an amulet of guardian spirit (around neck)
 h - a cursed -2 ring of strength (left hand)
 i - a cursed ring of teleportation (right hand)
 k - a +4 ring of slaying {unknown}
Wands
 n - a wand of lightning (1/15)
Potions
 j - a potion of cancellation
 m - 3 potions of brilliance
Books
 c - a book of Minor Magic

   Spells                             Type                      Level
   a - Magic Dart                     Conjuration                  1
   b - Blink                          Translocation                2
   c - Call Imp                       Summoning                    2
   d - Repel Missiles                 Charms/Air                   2
   e - Slow                           Hexes                        2
   f - Conjure Flame                  Conjuration/Fire             3
   g - Mephitic Cloud                 Conjuration/Poison/Air       3
Comestibles
 d - 2 bread rations
 g - 3 fruits
 p - a chunk of flesh
 q - a slice of pizza
 t - a meat ration


   Skills:
 + Level 3.3 Fighting
 * Level 3.5 Maces & Flails
 - Level 1.5 Dodging
 - Level 3.0 Stealth
 - Level 3.0 Spellcasting
 - Level 1.0 Conjurations
   Level 1.0 Summonings
 - Level 1.0 Translocations


You had 5 spell levels left.
You knew the following spells:

 Your Spells              Type           Power        Failure   Level  Hunger
a - Magic Dart            Conj           #...         12%         1    None
b - Blink                 Tloc           N/A          17%         2    ##.....
c - Repel Missiles        Chrm/Air       #.....       24%         2    ##.....


Dungeon Overview and Level Annotations

Branches:
Dungeon (3/15)

Altars:
Ashenzari
Fedhas
Trog

Annotations:
D:3 dvd's ghost, amateur SpEn


Innate Abilities, Weirdness & Mutations

You cannot wear boots.
Your serpentine skin is tough (AC +1).
You have supernaturally acute eyesight.
Armour fits poorly on your strangely shaped body.
Your system is resistant to poisons.
You cover ground very slowly.
You have a slow metabolism.
You can spit poison.


Message History

You kill the orc!
The orc wizard gestures at you while chanting.
The puff of flame hits you!
* * * LOW HITPOINT WARNING * * *
You are too injured to fight recklessly!
Read which item? (? for menu, Esc to quit)
Okay, then.
An orc priest comes into view.
You are too injured to fight recklessly!
You are too injured to fight recklessly!
You are too injured to fight recklessly!
You are too injured to fight recklessly!
You are too injured to fight recklessly!
Press: ? - help, Shift-Dir - straight line, f - orc wizard
Aim: an orc wizard, wielding a dagger and wearing a glowing robe (slightly transparent)
The splash of poison misses the orc wizard.
You feel slightly more hungry.
The orc priest invokes the aid of Beogh against you.
Beogh smites you!
You die...

#. #..#. #...# #.##.. #.### #.
.. #.# #. ... #.# . ##.
....W#### #.# .. .. # ....#
#.###.# .....#. #.
....#..##.....# #. ..o....
####........##### ###.
.##..#####@...####...# #..$
.##...#.o.o#### #....#
##...#.#...)o.#########..#.###
.......o..###(##
#..).......#### ....g.....#
#.)####.######......# ..[..<#
##......# ####.... .....##
..###...######## ##... .....
....................... .....
..###..#.###### #####>.


You could see an orc priest, an orc wizard (invisible) and an orc.

Vanquished Creatures
  2 orc wizards (D:3)
  3 adders
  4 dart slugs
  3 giant geckos
  4 orcs (D:3)
  4 giant cockroaches
  12 goblins
  12 hobgoblins
  4 jackals
  10 kobolds
  A quokka (D:2)
  4 bats
  7 giant newts
  4 rats
74 creatures vanquished.

Notes
Turn   | Place    | Note
--------------------------------------------------------------
     0 | D:1      | wvc the Naga Wizard began the quest for the Orb.
     0 | D:1      | Reached XP level 1. HP: 15/15 MP: 4/4
   149 | D:1      | Reached skill level 1 in Fighting
   229 | D:1      | Reached XP level 2. HP: 1/25 MP: 3/6
   792 | D:1      | Reached skill level 1 in Maces & Flails
   792 | D:1      | Reached XP level 3. HP: 4/32 MP: 2/7
  1167 | D:1      | Learned a level 2 spell: Blink
  1170 | D:1      | Learned a level 2 spell: Repel Missiles
  1886 | D:2      | Reached XP level 4. HP: 31/40 MP: 6/8
  2120 | D:2      | Found a bloodstained altar of Trog.
  2120 | D:2      | Found a blossoming altar of Fedhas.
  2650 | D:3      | Noticed dvd's ghost (amateur SpEn)
  2844 | D:3      | Found a shattered altar of Ashenzari.
  3165 | D:3      | Reached XP level 5. HP: 43/49 MP: 3/9
  3210 | D:3      | Killed from afar by an orc priest

Vault maps used:
D:1:      lemuel_arrival_muddy
D:2:      gammafunk_temple_overflow_elements
D:3:      evilmike_ruin_ashenzari

Skill      XL: |  1  2  3  4 |
---------------+-------------+-----
Fighting       | 1 2 3 |  3.3
Maces & Flails | 1 2 3 |  3.5
Dodging        | |  1.5
Stealth        | |  3.0
Spellcasting   | |  3.0
Conjurations   | |  1.0
Summonings     | |  1.0
Translocations | |  1.0

Action                   |  1- 3 |  4- 6 || total
-------------------------+-------+-------++-------
Melee: Mace              |    31 |       ||    31
       Whip              |    26 |   167 ||   193
 Cast: Magic Dart        |    73 |     7 ||    80
       Repel Missiles    |     2 |       ||     2
 Abil: Spit Poison       |     2 |     6 ||     8
  Use: Scroll            |     4 |     3 ||     7
       Potion            |       |     2 ||     2
 Stab: Sleeping          |     1 |     4 ||     5
  Eat: Chunk             |     2 |     3 ||     5
